TOP OF THE 1ST |
Kennesaw Jets batting - Pitching for Grand Forks Caterpillars : RHP Jim Unknown
|
Pitching: RHP Jim Unknown
|
|
Batting: RHB Marc Beck
|
0-0: Called Strike 0-1: Ball 1-1: Ball 2-1: Bunt for hit - play at first, batter OUT! 5-3
|
Batting: RHB Juan Camacho
|
0-0: Swinging Strike 0-1: Ball 1-1: Foul Ball, location: 2F 1-2: Ball 2-2: Foul Ball, location: 2F 2-2: Ball 3-2: Foul Ball, location: 2F 3-2: Strikes out swinging
|
Batting: RHB José Piña
|
0-0: Swinging Strike 0-1: Ball 1-1: Called Strike 1-2: Ball 2-2: Foul Ball, location: 2F 2-2: Ball 3-2: Strikes out swinging
|
Top of the 1st over - 0 run(s), 0 hit(s), 0 error(s), 0 left on base; Kennesaw 0 - Grand Forks 0 |
BOTTOM OF THE 1ST |
Grand Forks Caterpillars batting - Pitching for Kennesaw Jets : LHP Mike Foltynewicz
|
Pitching: LHP Mike Foltynewicz
|
|
Batting: RHB Omar Schuler
|
0-0: Ball 1-0: Called Strike 1-1: Ground out 5-3 (Groundball, 5L)
|
Batting: RHB Carlos Romero
|
0-0: Foul Ball, location: 2F 0-1: Swinging Strike 0-2: Ball 1-2: Ball 2-2: Foul Ball, location: 2F 2-2: Fly out, F4 (Popup, 3)
|
Batting: RHB Ab van der Kamp
|
0-0: Called Strike 0-1: Ball 1-1: Ball 2-1: Ball 3-1: Called Strike 3-2: Strikes out swinging
|
Bottom of the 1st over - 0 run(s), 0 hit(s), 0 error(s), 0 left on base; Kennesaw 0 - Grand Forks 0 |
TOP OF THE 2ND |
Kennesaw Jets batting - Pitching for Grand Forks Caterpillars : RHP Jim Unknown
|
Batting: LHB Raúl Godines
|
0-0: Ball 1-0: Ball 2-0: DOUBLE (Line Drive, 9LM)
|
Batting: SHB Buck Bettis
|
0-0: Ball 1-0: Fly out, F9 (Flyball, 9M)
|
Batting: RHB Ernesto López
|
0-0: Called Strike 0-1: SINGLE (Groundball, 34D) Raúl Godines to third
|
Batting: RHB Elliot Alderson
|
0-0: Grounds into double play, 6-4-3 (Groundball, 6)
|
Top of the 2nd over - 0 run(s), 2 hit(s), 0 error(s), 1 left on base; Kennesaw 0 - Grand Forks 0 |
BOTTOM OF THE 2ND |
Grand Forks Caterpillars batting - Pitching for Kennesaw Jets : LHP Mike Foltynewicz
|
Batting: LHB Javier Antonio
|
0-0: Ball 1-0: Foul Ball, location: 2F 1-1: Called Strike 1-2: Foul Ball, location: 2F 1-2: Foul Ball, location: 2F 1-2: Strikes out swinging
|
Batting: RHB Jorge Velázquez
|
0-0: Called Strike 0-1: Ball 1-1: Ball 2-1: Fly out, F8 (Flyball, 8RM)
|
Batting: LHB Rubén Ruíz
|
0-0: Called Strike 0-1: Called Strike 0-2: Strikes out swinging
|
Bottom of the 2nd over - 0 run(s), 0 hit(s), 0 error(s), 0 left on base; Kennesaw 0 - Grand Forks 0 |
TOP OF THE 3RD |
Kennesaw Jets batting - Pitching for Grand Forks Caterpillars : RHP Jim Unknown
|
Batting: LHB Daniel Faraday
|
0-0: SINGLE (Flyball, 7S)
|
Batting: RHB Ben Simpson
|
0-0: Called Strike 0-1: Fly out, F9 (Line Drive, 9M)
|
Batting: RHB Marc Beck
|
0-0: Ball 1-0: Fly out, F8 (Popup, 8RS)
|
Batting: RHB Juan Camacho
|
0-0: Ball 1-0: Ball 2-0: Called Strike 2-1: Ball Daniel Faraday steals 2nd base 3-1: Swinging Strike Single, Error in OF, E8, batter to second base Daniel Faraday scores
|
Batting: RHB José Piña
|
0-0: Ball 1-0: SINGLE (Line Drive, 6M) Juan Camacho to third Runner from 3rd tries for Home, SAFE, no throw or cutoff
|
Batting: LHB Raúl Godines
|
0-0: Foul Ball, location: 2F 0-1: Ground out 1-3 (Groundball, 15)
|
Top of the 3rd over - 2 run(s), 3 hit(s), 1 error(s), 1 left on base; Kennesaw 2 - Grand Forks 0 |
BOTTOM OF THE 3RD |
Grand Forks Caterpillars batting - Pitching for Kennesaw Jets : LHP Mike Foltynewicz
|
Batting: RHB Nathan Landrum
|
0-0: Called Strike 0-1: Ball 1-1: Swinging Strike 1-2: Ball 2-2: SINGLE (Line Drive, 78S)
|
Batting: RHB Pedro Torres
|
0-0: Called Strike 0-1: Swinging Strike 0-2: DOUBLE (Flyball, 78D) Nathan Landrum to third
|
Batting: LHB Santiago Reyes
|
0-0: Ball 1-0: SINGLE (Line Drive, 6MD) Nathan Landrum scores Pedro Torres to third
|
Batting: RHB Omar Schuler
|
0-0: Ball 1-0: Fielders Choice at 2nd, 4-6 (Groundball, 4) Pedro Torres scores
|
Batting: RHB Carlos Romero
|
0-0: Fly out, F9 (Flyball, 9M)
|
Batting: RHB Ab van der Kamp
|
0-0: Ball 1-0: Foul Ball, location: 2F 1-1: Called Strike 1-2: Foul Ball, location: 2F 1-2: Fielders Choice at 2nd, U4 (Groundball, 4M)
|
Bottom of the 3rd over - 2 run(s), 3 hit(s), 0 error(s), 1 left on base; Kennesaw 2 - Grand Forks 2 |
TOP OF THE 4TH |
Kennesaw Jets batting - Pitching for Grand Forks Caterpillars : RHP Jim Unknown
|
Batting: SHB Buck Bettis
|
0-0: Foul Ball, location: 2F 0-1: Ball 1-1: Ball 2-1: Ball 3-1: Foul Ball, location: 2F 3-2: Base on Balls
|
Batting: RHB Ernesto López
|
0-0: Ball 1-0: Ball 2-0: Ball 3-0: Base on Balls Buck Bettis to second
|
Batting: RHB Elliot Alderson
|
0-0: Ball 1-0: Ball 2-0: Called Strike 2-1: Fielders Choice at 2nd, 1-6 (Groundball, 13S) Buck Bettis to third
|
Batting: LHB Daniel Faraday
|
0-0: Ball 1-0: SINGLE (Groundball, 3D) Buck Bettis scores Elliot Alderson to second
|
Batting: RHB Ben Simpson
|
0-0: Ground out U3 (Groundball, 3S) Elliot Alderson to third Daniel Faraday to second
|
Batting: RHB Marc Beck
|
0-0: Called Strike 0-1: Ball 1-1: Called Strike 1-2: Ball 2-2: Ball 3-2: Strikes out swinging
|
Top of the 4th over - 1 run(s), 1 hit(s), 0 error(s), 2 left on base; Kennesaw 3 - Grand Forks 2 |
BOTTOM OF THE 4TH |
Grand Forks Caterpillars batting - Pitching for Kennesaw Jets : LHP Mike Foltynewicz
|
Batting: LHB Javier Antonio
|
0-0: Called Strike 0-1: Called Strike 0-2: Ball 1-2: Ball 2-2: Ground out 4-3 (Groundball, 4)
|
Batting: RHB Jorge Velázquez
|
0-0: Called Strike 0-1: Ball 1-1: SINGLE (Groundball, 56D)
|
Batting: LHB Rubén Ruíz
|
0-0: Ball 1-0: Called Strike 1-1: Ball 2-1: Ball 3-1: Fielders Choice at 2nd, 4-6 (Groundball, 34)
|
Batting: RHB Nathan Landrum
|
0-0: Ball 1-0: Ball 2-0: Fly out, F8 (Flyball, 8RM)
|
Bottom of the 4th over - 0 run(s), 1 hit(s), 0 error(s), 1 left on base; Kennesaw 3 - Grand Forks 2 |
TOP OF THE 5TH |
Kennesaw Jets batting - Pitching for Grand Forks Caterpillars : RHP Jim Unknown
|
Batting: RHB Juan Camacho
|
0-0: Called Strike 0-1: SINGLE (Groundball, 6M)
|
Batting: RHB José Piña
|
0-0: Ball Juan Camacho is caught stealing 2nd base 1-0: Ball 2-0: Ball 3-0: Base on Balls
|
Batting: LHB Raúl Godines
|
0-0: Ball 1-0: Reached on error, E3 (Groundball, 3) José Piña to second
|
Batting: SHB Buck Bettis
|
0-0: Ball 1-0: Ball 2-0: Called Strike 2-1: Called Strike 2-2: Grounds into double play, 4-6-3 (Groundball, 4)
|
Top of the 5th over - 0 run(s), 1 hit(s), 1 error(s), 1 left on base; Kennesaw 3 - Grand Forks 2 |
BOTTOM OF THE 5TH |
Grand Forks Caterpillars batting - Pitching for Kennesaw Jets : LHP Mike Foltynewicz
|
Batting: RHB Pedro Torres
|
0-0: SINGLE (Groundball, 6MD)
|
Batting: LHB Santiago Reyes
|
0-0: Ball 1-0: Bunted foul 1-1: Sac Bunt - play at second, runner OUT! 2-6
|
Batting: RHB Omar Schuler
|
0-0: Fly out, F8 (Popup, 4MD)
|
Batting: RHB Carlos Romero
|
0-0: Called Strike 0-1: Ball 1-1: Ball 2-1: Called Strike 2-2: Ball 3-2: Foul Ball, location: 2F 3-2: Foul Ball, location: 2F 3-2: Fly out, F4 (Popup, 4MD)
|
Bottom of the 5th over - 0 run(s), 1 hit(s), 0 error(s), 1 left on base; Kennesaw 3 - Grand Forks 2 |
TOP OF THE 6TH |
Kennesaw Jets batting - Pitching for Grand Forks Caterpillars : RHP Jim Unknown
|
Batting: RHB Ernesto López
|
0-0: Ball 1-0: Ball 2-0: Reached on error, E5 (Groundball, 5S)
|
Batting: RHB Elliot Alderson
|
0-0: Bunted foul 0-1: Ball 1-1: Ball 2-1: Bunted foul 2-2: Foul Ball, location: 2F 2-2: Ball 3-2: Reached on Error, E6 (Popup, 56D) Ernesto López to second
|
Batting: LHB Daniel Faraday
|
0-0: Sac Bunt - play at first, batter OUT! 2-4 Ernesto López to third Elliot Alderson to second
|
Batting: RHB Ben Simpson
|
0-0: Called Strike 0-1: Called Strike 0-2: SINGLE (Groundball, 4M) Ernesto López scores Elliot Alderson to third
|
Batting: RHB Marc Beck
|
0-0: Ball 1-0: Swinging Strike 1-1: Fly out, F4 (Line Drive, 4MD)
|
Batting: RHB Juan Camacho
|
0-0: Called Strike 0-1: Ball 1-1: Ball 2-1: Ground out 1-3 (Groundball, 15)
|
Top of the 6th over - 1 run(s), 1 hit(s), 2 error(s), 2 left on base; Kennesaw 4 - Grand Forks 2 |
BOTTOM OF THE 6TH |
Grand Forks Caterpillars batting - Pitching for Kennesaw Jets : LHP Mike Foltynewicz
|
Batting: RHB Ab van der Kamp
|
0-0: Ball 1-0: Ground out 6-3 (Groundball, 6)
|
Batting: LHB Javier Antonio
|
0-0: Foul Ball, location: 2F 0-1: Ball 1-1: Ball 2-1: Foul Ball, location: 2F 2-2: Foul Ball, location: 2F 2-2: Fly out, F4 (Popup, 4D)
|
Batting: RHB Jorge Velázquez
|
0-0: Foul Ball, location: 2F 0-1: Called Strike 0-2: Ball 1-2: Ball 2-2: Ball 3-2: Foul Ball, location: 2F 3-2: Ground out 6-3 (Groundball, 6)
|
Bottom of the 6th over - 0 run(s), 0 hit(s), 0 error(s), 0 left on base; Kennesaw 4 - Grand Forks 2 |
TOP OF THE 7TH |
Kennesaw Jets batting - Pitching for Grand Forks Caterpillars : RHP Jim Unknown
|
Batting: RHB José Piña
|
0-0: Ground out 6-3 (Groundball, 6)
|
Batting: LHB Raúl Godines
|
0-0: Ball 1-0: Hit by Pitch
|
Batting: SHB Buck Bettis
|
0-0: Called Strike 0-1: Ball 1-1: Ball 2-1: Called Strike 2-2: Ball 3-2: Fly out, F8 (Flyball, 89M)
|
Batting: RHB Ernesto López
|
0-0: Ball 1-0: SINGLE (Line Drive, 8RS) Raúl Godines to second Throwing error, E8 Raúl Godines scores Ernesto López to second
|
Batting: RHB Elliot Alderson
|
0-0: Ball 1-0: Hit by Pitch
|
Batting: LHB Daniel Faraday
|
0-0: Called Strike 0-1: Called Strike 0-2: Foul Ball, location: 2F 0-2: Ball 1-2: Foul Ball, location: 2F 1-2: Strikes out looking
|
Top of the 7th over - 1 run(s), 1 hit(s), 1 error(s), 2 left on base; Kennesaw 5 - Grand Forks 2 |
BOTTOM OF THE 7TH |
Grand Forks Caterpillars batting - Pitching for Kennesaw Jets : LHP Mike Foltynewicz
|
Batting: LHB Rubén Ruíz
|
0-0: Fly out, F7 (Flyball, 7D)
|
Batting: RHB Nathan Landrum
|
0-0: Foul Ball, location: 2F 0-1: Ball 1-1: Fly out, F9 (Line Drive, 89M)
|
Batting: RHB Pedro Torres
|
0-0: Called Strike 0-1: Foul Ball, location: 2F 0-2: Ground out 1-3 (Groundball, 13)
|
Bottom of the 7th over - 0 run(s), 0 hit(s), 0 error(s), 0 left on base; Kennesaw 5 - Grand Forks 2 |
TOP OF THE 8TH |
Kennesaw Jets batting - Pitching for Grand Forks Caterpillars : RHP Jim Unknown
|
Pitching: RHP Wyatt Meek
|
|
Batting: RHB Ben Simpson
|
0-0: Called Strike 0-1: Foul Ball, location: 2F 0-2: Ball 1-2: Fly out, F9 (Flyball, 89M)
|
Batting: RHB Marc Beck
|
0-0: Called Strike 0-1: Ball 1-1: Swinging Strike 1-2: Strikes out swinging
|
Batting: RHB Juan Camacho
|
0-0: Ball 1-0: Called Strike 1-1: Foul Ball, location: 2F 1-2: Foul Ball, location: 2F 1-2: Fly out, F8 (Flyball, 8RM)
|
Top of the 8th over - 0 run(s), 0 hit(s), 0 error(s), 0 left on base; Kennesaw 5 - Grand Forks 2 |
BOTTOM OF THE 8TH |
Grand Forks Caterpillars batting - Pitching for Kennesaw Jets : LHP Mike Foltynewicz
|
Batting: LHB Santiago Reyes
|
0-0: Called Strike 0-1: Ground out 1-3 (Groundball, 13)
|
Batting: RHB Omar Schuler
|
0-0: Ball 1-0: Ball 2-0: Ball 3-0: Base on Balls
|
Batting: RHB Carlos Romero
|
0-0: Foul Ball, location: 2F 0-1: Swinging Strike 0-2: Foul Ball, location: 2F 0-2: Fly out, F8 (Line Drive, 8LS)
|
Batting: RHB Ab van der Kamp
|
0-0: Called Strike 0-1: Fly out, F7 (Flyball, 78S)
|
Bottom of the 8th over - 0 run(s), 0 hit(s), 0 error(s), 1 left on base; Kennesaw 5 - Grand Forks 2 |
TOP OF THE 9TH |
Kennesaw Jets batting - Pitching for Grand Forks Caterpillars : RHP Wyatt Meek
|
Batting: RHB José Piña
|
0-0: Ball 1-0: Ground out 4-3 (Groundball, 34S)
|
Batting: LHB Raúl Godines
|
0-0: Called Strike 0-1: Foul Ball, location: 2F 0-2: Strikes out swinging
|
Batting: SHB Buck Bettis
|
0-0: SINGLE (Groundball, 5D)
|
Batting: RHB Ernesto López
|
0-0: Called Strike 0-1: Ball 1-1: Ball 2-1: Called Strike 2-2: Strikes out swinging
|
Top of the 9th over - 0 run(s), 1 hit(s), 0 error(s), 1 left on base; Kennesaw 5 - Grand Forks 2 |
BOTTOM OF THE 9TH |
Grand Forks Caterpillars batting - Pitching for Kennesaw Jets : LHP Mike Foltynewicz
|
Pitching: RHP Roberto Flores
|
|
Batting: LHB Javier Antonio
|
0-0: Called Strike 0-1: Ball 1-1: Fly out, F7 (Flyball, 7LMF)
|
Batting: RHB Jorge Velázquez
|
0-0: Called Strike 0-1: SINGLE (Groundball, 56D) (infield hit)
|
Batting: LHB Rubén Ruíz
|
0-0: Foul Ball, location: 2F 0-1: Ball 1-1: 2-RUN HOME RUN (Line Drive, 9LD), Distance : 368 ft
|
Pinch Hitting: LHB Todd Stafford
|
0-0: Ball 1-0: Foul Ball, location: 2F 1-1: Ball 2-1: Ball 3-1: Fly out, F9 (Flyball, 89S)
|
Pinch Hitting: LHB Jim Unknown
|
0-0: Called Strike 0-1: Ball 1-1: Fly out, F8 (Flyball, 89D)
|
Bottom of the 9th over - 2 run(s), 2 hit(s), 0 error(s), 0 left on base; Kennesaw 5 - Grand Forks 4 |
|